 Dungeon Crawl Stone Soup version 0.30-a0-939-gc8157cb160 (webtiles) character file.

Game seed: 635642220611651168

789 clease the Magician (level 7, -21/36 HPs)
             Began as a Deep Elf Fire Elementalist on Mar 25, 2023.
             Demolished by a shadow (32 damage)
             ... on level 6 of the Dungeon.
             The game lasted 00:16:29 (4955 turns).

clease the Magician (Deep Elf Fire Elementalist)    Turns: 4955, Time: 00:16:29

Health: -21/36     AC:  5    Str:  5    XL:     7   Next: 56%
Magic:  6/19       EV: 12    Int: 22    God:
Gold:   289        SH:  0    Dex: 15    Spells: 12/19 levels left

rFire   . . .      SeeInvis .    q - +3 quarterstaff (chaos)
rCold   . . .      Faith    .    (shield currently unavailable)
rNeg    . . .      Spirit   .    a - +0 robe
rPois   .          Reflect  .    (no helmet)
rElec   .          Rampage  .    r - +2 cloak
rCorr   .                        (no gloves)
Will    .....                    (no boots)
Stlth   ++                       (no amulet)
HPRegen 0.26/turn                (no ring)
MPRegen 0.16/turn                (no ring)

@: no status effects
A: no striking features
a: no special abilities


You were on level 6 of the Dungeon.
You visited 1 branch of the dungeon, and saw 6 of its levels.

You collected 289 gold pieces.

Inventory:

Hand Weapons
 k - a +1 trident of protection
 o - a +0 short sword
 q - a +3 quarterstaff of chaos (weapon)
Missiles
 x - a throwing net
Armour
 a - a +0 robe (worn)
 r - a +2 cloak (worn)
Wands
 h - a wand of flame (17)
 l - a wand of polymorph (10)
Scrolls
 e - 2 scrolls of poison
 g - a scroll of teleportation
 i - a scroll of magic mapping {unknown}
 m - a scroll of acquirement {unknown}
 p - 2 scrolls of fog
 w - a scroll of fear
Potions
 b - a potion of magic
 c - 2 potions of flight {unknown}
 d - 2 potions of haste {unknown}
 f - a potion of cancellation {unknown}
 j - a potion of might {unknown}
 n - 4 potions of heal wounds
 s - a potion of degeneration {unknown}
 t - 2 potions of berserk rage {unknown}
 u - 2 potions of curing {unknown}
 v - 2 potions of attraction {unknown}
 z - a potion of invisibility {unknown}


   Skills:
 + Level 0.3 Fighting
 - Level 0.4 Short Blades
 * Level 2.9 Staves
 + Level 2.5 Dodging
 + Level 3.2 Stealth
 + Level 6.7 Spellcasting
 + Level 4.1 Conjurations
 + Level 6.0 Fire Magic


You had 12 spell levels left.
You knew the following spells:

 Your Spells              Type           Power      Damage    Failure   Level
a - Foxfire               Conj/Fire      100%       2x1d9     1%          1
b - Scorch                Fire           66%        2d8       1%          2
c - Flame Wave            Conj/Fire      29%        2d9       11%         4

Your spell library contained the following spells:

 Spells                   Type           Power      Damage    Failure   Level
 Inner Flame              Hex/Fire       20%        N/A       8%          3
 Apportation              Tloc           14%        N/A       9%          1
 Necrotise                Necr           28%        1d5       9%          1
 Summon Small Mammal      Summ           28%        N/A       9%          1
 Kindle Blastsparks       Fire/Tloc/Air  32%        2d12      11%         3
 Cause Fear               Hex            3%         N/A       63%         4
 Discord                  Hex            3%         N/A       100%        8


Dungeon Overview and Level Annotations

Branches:
Dungeon (6/15)
 Temple: D:4-7

Altars:
Ashenzari
Nemelex Xobeh
Uskayaw

Shops:
D:3 (   D:6 [


Message History

The gnoll attacks as you move away! The gnoll hits you with a +0 club!
Casting: Scorch (safe; 1% risk of failure)
Confirm with . or Enter, or press ? or * to list all spells.
The spell is quite dangerous to miscast (11% risk of failure)!
Continue anyway?
Casting: Flame Wave (quite dangerous; 11% risk of failure)
Press: ? - help, Dir - look around, f - activate A wave of flame ripples out!
The flame wave engulfs the gnoll!
You kill the gnoll! (Press . to intensify the flame waves.)
You hear an angry hiss.
An iguana comes into view.
The shadow slips into darkness.
The shadow flickers and vanishes!
Deactivating autopickup; reactivate with Ctrl-A.
A wave of flame ripples out!
You hear a shout!
A wave of flame ripples out!
The flame wave engulfs the orc priest.
The orc priest is lightly wounded.
You finish channelling waves of flame.
You hear a shout!
Casting: Flame Wave (quite dangerous; 11% risk of failure)
Confirm with . or Enter, or press ? or * to list all spells.
The spell is quite dangerous to miscast (11% risk of failure)!
Continue anyway?
Casting: Flame Wave (quite dangerous; 11% risk of failure)
Press: ? - help, Dir - look around, f - activate A wave of flame ripples out!
The flame wave engulfs the orc priest!
The orc priest is severely wounded. (Press . to intensify the flame waves.)
You hear a shout!
The orc priest hits you with a +0 short sword.
* * * LOW HITPOINT WARNING * * *
A wave of flame ripples out!
The flame wave engulfs something!
The flame wave engulfs the orc priest!
You kill the orc priest!
The flame wave engulfs the iguana.
The iguana is moderately wounded.
You hear a shout!
The shadow strikes at you from the darkness!
Ouch! That really hurt!
You die...

### #.. #.# #.#
##########l######
#.>...)g........#
#.######.)@..##.#
#)# #...........#
#g# #.##...#.#..#
#.# # #.....#..#
g.. ###.∩.#..###
#W# #.........#.
g.. #..#<...†...
#.#####.#.#. #.
.#.#


You could see a gnoll sergeant and an iguana.

Vanquished Creatures
  An ice beast (D:5)
  A phantom (D:5)
  A gnoll sergeant (D:5)
  A scorpion (D:6)
  A hound (D:5)
  Crazy Yiuf (D:2)
  A jelly (D:5)
  An orc priest (D:6)
  3 iguanas
  An orc wizard (D:4)
  11 gnolls
  12 adders
  An ufetubus (D:3)
  2 worms
  5 dart slugs
  4 orcs (D:4)
  2 bats
  6 endoplasms
  4 giant cockroaches
  7 goblins
  7 hobgoblins
  3 jackals (D:2)
  7 kobolds
  2 quokkas
  5 ball pythons
  3 frilled lizards
  3 rats (D:3)
96 creatures vanquished.

Vanquished Creatures (others)
  346 foxfires
  A plant (D:1)
347 creatures vanquished.

Grand Total: 443 creatures vanquished

Notes
Turn   | Place    | Note
-------+----------+-------------------------------------------
     0 | D:1      | clease the Deep Elf Fire Elementalist began the quest for
                  | the Orb.
     0 | D:1      | Reached XP level 1. HP: 10/10 MP: 6/6
   135 | D:1      | Reached XP level 2. HP: 15/15 MP: 5/8
   411 | D:1      | Found a faded altar of an unknown god.
   422 | D:1      | Reached XP level 3. HP: 19/19 MP: 2/9
  1148 | D:2      | Found a runed translucent door.
  1149 | D:2      | Noticed Crazy Yiuf
  1367 | D:2      | Reached XP level 4. HP: 24/24 MP: 8/12
  1698 | D:2      | Killed Crazy Yiuf
  1896 | D:3      | Reached XP level 5. HP: 28/28 MP: 1/13
  1992 | D:3      | Learned a level 2 spell: Scorch
  1997 | D:3      | Learned a level 4 spell: Flame Wave
  2230 | D:3      | Found Kiblyroj's Weapon Shoppe.
  2862 | D:4      | Reached skill level 5 in Fire Magic
  2910 | D:4      | Reached skill level 5 in Spellcasting
  3186 | D:4      | Reached skill level 1 in Staves
  3188 | D:4      | Reached XP level 6. HP: 32/32 MP: 8/15
  3643 | D:5      | Entered Level 5 of the Dungeon
  3954 | D:5      | Noticed an ice beast
  3966 | D:5      | Killed an ice beast
  4133 | D:5      | Reached XP level 7. HP: 36/36 MP: 12/18
  4345 | D:5      | Found a large runed translucent door.
  4346 | D:5      | Found a large runed translucent door.
  4356 | D:5      | Found a hide-covered altar of Uskayaw.
  4381 | D:5      | Found a broken altar of Ashenzari.
  4578 | D:5      | Found a sparkling altar of Nemelex Xobeh.
  4677 | D:5      | Identified the +8 sling of Fragile Peace {freeze, rPois
                  | Str-4 Int+4 Dex+2}
  4889 | D:6      | Found Enolo's Antique Armour Shoppe.
  4935 | D:6      | Noticed a shadow
  4955 | D:6      | Demolished by a shadow

Illustrated notes

Levels and vault maps discovered:
D:1:      eino_arrival_tree_alley, layout_basic,
          nicolae_ecumenical_snake_handling
D:2:      layout_rooms, uniq_crazy_yiuf_cottage
D:3:      minmay_recursive_quarters, layout_rooms, tgw_sif, serial_shops,
          nicolae_shop_trees, serial_rivers, chequers_serial_rivers_marsh,
          chequers_serial_rivers_micro_e, chequers_serial_rivers_micro_d,
          chequers_serial_rivers_room_b, chequers_serial_rivers_large_b
D:4:      layout_loops_cross
D:5:      layout_basic, mainiacjoe_overflow_24_doors, jmf_multi_god_temple2,
          bh_walls_and_bars
D:6:      layout_loops_ring, minmay_temple_entry_glass, serial_shops,
          nicolae_shop_stone, nicolae_shop_gadgets

Skill      XL: |  1  2  3  4  5  6  7 |
---------------+----------------------+-----
Fire Magic     | 4 5 6 |  6.0
Spellcasting   | 4 5 6 |  6.7
Stealth        | 3 |  3.2
Conjurations   | 2 3 4 |  4.1
Staves         | 1 2 |  2.9
Fighting       | |  0.3
Short Blades   | |  0.4
Dodging        | |  2.5

Action                     |  1- 3 |  4- 6 |  7- 9 || total
---------------------------+-------+-------+-------++-------
  Melee: Dagger            |     9 |       |       ||     9
         Unarmed           |     2 |       |       ||     2
         Quarterstaff      |       |     8 |     6 ||    14
         Short sword       |       |     1 |       ||     1
   Cast: Foxfire           |    67 |   131 |    14 ||   212
         Scorch            |       |    17 |     9 ||    26
         Flame Wave        |       |       |     2 ||     2
    Use: Scroll            |       |    11 |       ||    11
 Armour: Robe              |     1 |     5 |     2 ||     8
  Dodge: Dodged            |     7 |    15 |     4 ||    26

Table legend: (Time is in decaauts)
 A = Elapsed time spent in this place.
 B = Non-inter-level travel time spent in this place.
 C = Inter-level travel time spent in this place.
 D = Time resting spent in this place.
 E = Time spent auto-exploring this place.
 F = Levels seen in this place.
 G = Mean time per level.
                   A        B        C        D        E       F      G
               +--------+--------+--------+--------+--------+-----+--------+
         Total |   4989 |   4951 |     38 |    308 |   3687 |   6 |  831.5 |
       Dungeon |   4989 |   4951 |     38 |    308 |   3687 |   6 |  831.5 |
               +--------+--------+--------+--------+--------+-----+--------+

Top non-repeatable levels by time:
     D:5: 1110 daAuts
     D:4: 1073 daAuts
     D:1: 1011 daAuts
     D:3: 957 daAuts
     D:2: 771 daAuts
     D:6: 66 daAuts
